 Dungeon Crawl Stone Soup version 0.24-a0-489-g1c7b743a30 (webtiles) character file.

Game seed: 12020178607710446673

3379 KristoblXynda the Carver (level 9, -5/81 HPs)
             Began as a Green Draconian Gladiator on July 11, 2019.
             Was an Initiate of Cheibriados.
             Killed from afar by a gargoyle (28 damage)
             ... with a stone arrow
             ... on level 7 of the Dungeon.
             The game lasted 00:14:12 (9153 turns).

KristoblXynda the Carver (DrGl)                     Turns: 9153, Time: 00:14:13

Health: -5/81      AC:  8    Str: 17    XL:     9   Next: 74%
Magic:  11/11      EV: 17    Int: 13    God:    Cheibriados [......]
Gold:   385        SH:  0    Dex: 17    Spells: 8/8 levels left

rFire    . . .     SeeInvis +   u - +2 great sword
rCold    . . .     Gourm    +   (shield currently unavailable)
rNeg     . . .     Faith    .   (armour unavailable)
rPois    +         Spirit   .   b - +1 hat
rElec    .         Reflect  .   (no cloak)
rCorr    .         Harm     .   (no gloves)
MR       .....                  (no boots)
Stlth    ++........             h - amulet of the gourmand
HPRegen  0.23/turn              v - ring of see invisible
MPRegen  0.12/turn              w - +3 ring of dexterity

@: very slow
A: breathe noxious fumes, unfitting armour, poison resistance, cold-blooded, AC
+7
a: Breathe Noxious Fumes, Bend Time, Renounce Religion


You were on level 7 of the Dungeon.
You worshipped Cheibriados.
Cheibriados was noncommittal.
You were full.

You visited 2 branches of the dungeon, and saw 8 of its levels.
You also visited: Ossuary.

You collected 385 gold pieces.

Inventory:

Hand Weapons
 a - a +0 long sword
 u - a +2 great sword (weapon)
Missiles
 c - 3 throwing nets (quivered)
Armour
 b - a +1 hat (worn)
Jewellery
 h - an amulet of the gourmand (around neck)
 k - a +1 ring of protection
 q - an uncursed ring of protection from fire
 v - a ring of see invisible (left hand)
 w - a +3 ring of dexterity (right hand)
Wands
 p - a wand of scattershot (5)
 r - a wand of paralysis (12)
Scrolls
 e - 4 scrolls of amnesia
 j - 13 scrolls of teleportation
 l - 3 scrolls of remove curse
 t - a scroll of immolation
 D - 2 scrolls of magic mapping
Potions
 f - 2 potions of curing
 g - a potion of ambrosia {unknown}
 i - 2 potions of flight
 m - a potion of resistance
 n - a potion of cancellation {unknown}
 o - a potion of degeneration {unknown}
 s - a potion of invisibility
 x - a potion of agility {unknown}
 z - 2 potions of haste
 A - 2 potions of heal wounds {unknown}
 B - a potion of might {unknown}
 C - a potion of brilliance {unknown}
Comestibles
 d - 6 rations


   Skills:
 + Level 7.9 Fighting
 + Level 9.7 Long Blades
 - Level 2.0 Throwing
 + Level 6.9 Dodging
 + Level 3.0 Evocations


You had 8 spell levels left.
You didn't know any spells.
Your spell library was empty.

Dungeon Overview and Level Annotations

Branches:
Dungeon (7/15)             Temple (1/1) D:6

Altars:
Ashenzari
Cheibriados
Dithmenos
Elyvilon
Fedhas
Hepliaklqana
Kikubaaqudgha
Makhleb
Nemelex Xobeh
Okawaru
Ru
Trog
Uskayaw
Vehumet
Wu Jian
Xom
Yredelemnul
The Shining One


Innate Abilities, Weirdness & Mutations

You can breathe blasts of noxious fumes.
Your lurid green scales are hard. (AC +7)
You cannot fit into any form of body armour.
Your system is resistant to poisons. (rPois)
You are cold-blooded and may be slowed by cold attacks.


Message History

The gargoyle hurls a stone arrow at you.
The stone arrow hits you!!
You hit the gargoyle but do no damage.
The gargoyle is heavily damaged.
The gargoyle closely misses you.
You barely miss the gargoyle.
The gargoyle is heavily damaged.
The gargoyle hurls a stone arrow at you.
The stone arrow hits you!
The gargoyle hurls a stone arrow at you.
The stone arrow misses you.
You hit the gargoyle.
The gargoyle is severely damaged.
The gargoyle hits you with a +0 flail!
* * * LOW HITPOINT WARNING * * *
You hit the gargoyle but do no damage.
The gargoyle is severely damaged.
The gargoyle hurls a stone arrow at you.
The stone arrow hits you!!
You die...

. ##. .. ## ## ####
##.###8###8### ...#
#..#.##'.'##)# .<.#
#.###'.....'###
...###.#8#)......#$#
................@9#
..<##........8....#
.#####...........+#
#.#8#.......#
#.###+.....+# #..
##+.+## ##. ### ..


You could see a gargoyle.

Vanquished Creatures
  Pikel (D:4)
  2 gargoyles (D:7)
  Edmund (D:4)
  An ice beast (D:6)
  2 sky beasts
  2 slaves
  A necrophage (D:6)
  4 ogres
  3 centaurs
  5 wights (D:6)
  2 howler monkeys
  A quasit (D:6)
  A bullfrog zombie (D:5)
  2 jellies (D:5)
  3 hounds
  2 orc priests
  6 orc wizards
  A centaur skeleton (D:5)
  2 iguanas (D:6)
  5 worker ants
  Natasha (D:2)
  3 hound skeletons
  3 mummies (Ossuary)
  9 gnolls
  8 adders
  2 oozes
  5 adder zombies (Ossuary)
  2 adder skeletons (D:5)
  2 worms (D:2)
  2 dart slugs
  4 leopard geckos
  16 orcs
  7 giant cockroaches
  6 goblins
  11 hobgoblins
  13 jackals
  7 kobolds
  3 quokkas
  A ball python (D:6)
  2 bats
  3 frilled lizards
  2 goblin zombies (Ossuary)
  2 hobgoblin zombies (Ossuary)
  A jackal zombie (D:6)
  2 kobold zombies (Ossuary)
  An orc zombie (Ossuary)
  A quokka skeleton (D:5)
  4 quokka zombies (Ossuary)
  10 rats
  4 rat zombies
184 creatures vanquished.

Notes
Turn   | Place    | Note
-------+----------+-------------------------------------------
     0 | D:1      | KristoblXynda the Draconian Gladiator began the quest for
                  | the Orb.
     0 | D:1      | Reached XP level 1. HP: 17/17 MP: 1/1
   266 | D:1      | Reached XP level 2. HP: 24/25 MP: 2/2
   969 | D:2      | Reached XP level 3. HP: 30/30 MP: 3/3
  1336 | D:2      | Noticed Natasha
  1351 | D:2      | Killed Natasha
  1457 | D:2      | Reached skill level 4 in Long Blades
  1457 | D:2      | Reached XP level 4. HP: 28/38 MP: 4/4
  2109 | D:2      | Found a shattered altar of Ashenzari.
  2606 | D:3      | Found a sacrificial altar of Ru.
  2673 | D:3      | Reached XP level 5. HP: 43/45 MP: 5/5
  2768 | D:3      | Found a sacrificial altar of Ru.
  3215 | D:4      | Noticed an ogre
  3227 | D:4      | Killed an ogre
  3227 | D:4      | Reached skill level 5 in Long Blades
  3227 | D:4      | Reached XP level 6. HP: 13/52 MP: 6/6
  3394 | D:4      | Noticed Pikel
  3394 | D:4      | Noticed a slave
  3400 | D:4      | Noticed Edmund
  3480 | D:3      | Killed a slave
  4002 | D:4      | Found an iron altar of Okawaru.
  4140 | D:4      | Noticed a slave
  4147 | D:4      | Noticed a slave
  4175 | D:4      | Killed a slave
  4177 | D:4      | Killed Edmund
  4177 | D:4      | Reached skill level 6 in Long Blades
  4177 | D:4      | Your scales start taking on a lurid green colour.
  4177 | D:4      | Reached XP level 7. HP: 18/60 MP: 7/7
  4177 | D:4      | Gained mutation: Your system is resistant to poisons.
                  | (rPois) [Green Draconian growth]
  4313 | D:4      | Killed Pikel
  4313 | D:4      | Reached skill level 5 in Fighting
  4313 | D:4      | Reached skill level 7 in Long Blades
  4315 | D:4      | Reached skill level 5 in Dodging
  4315 | D:4      | Reached XP level 8. HP: 23/69 MP: 8/8
  4668 | D:5      | Entered Level 5 of the Dungeon
  5348 | D:5      | Reached skill level 8 in Long Blades
  6382 | D:6      | Found a shimmering altar of Xom.
  6382 | D:6      | Found a shadowy altar of Dithmenos.
  6394 | D:6      | Found a bloodstained altar of Trog.
  6423 | D:6      | Found a hide-covered altar of Uskayaw.
  6424 | D:6      | Found a basalt altar of Yredelemnul.
  6612 | D:6      | Reached XP level 9. HP: 36/78 MP: 9/9
  6637 | D:6      | Reached skill level 9 in Long Blades
  6873 | D:6      | Found a sand-covered staircase.
  6880 | Ossuary  | Entered an ossuary
  7414 | D:6      | Reached skill level 1 in Evocations
  7824 | D:6      | Found a burning altar of Makhleb.
  8484 | D:6      | Found a staircase to the Ecumenical Temple.
  8495 | Temple   | Entered the Ecumenical Temple
  8522 | Temple   | Became a worshipper of Cheibriados the Contemplative
  8717 | D:7      | Noticed a gargoyle
  8731 | D:7      | Killed a gargoyle
  9137 | D:7      | Noticed a gargoyle
  9140 | D:7      | Killed a gargoyle
  9147 | D:7      | Noticed a gargoyle
  9153 | D:7      | Killed from afar by a gargoyle

Levels and vault maps discovered:
D:1:      nicolae_arrival_memento_mori, layout_basic
D:2:      layout_basic, lemuel_doored_altar, first_ration, uniq_natasha
D:3:      layout_basic, lemuel_round_altar, nicolae_ru_sacrificial_ziggurat
D:4:      layout_rooms, okawaru_altar_gauntlet_db, uniq_pikel, uniq_edmund
D:5:      layout_layer_cave
D:6:      layout_basic, grunt_temple_overflow_open,
          minmay_temple_entry_poolview, enter_ossuary_3,
          makhleb_blood_cavern_becter
D:7:      cheibrodos_statue_roulette, layout_loops_ring
Temple:   minmay_temple_bridge_abc

Skill      XL: |  1  2  3  4  5  6  7  8  9 |
---------------+----------------------------+-----
Throwing       | 2 |  2.0
Dodging        | 3 4 5 6 |  6.9
Fighting       | 3 4 5 6 7 |  7.9
Long Blades    | 4 5 6 7 8 9 |  9.7
Evocations     | 3 |  3.0

Action                   |  1- 3 |  4- 6 |  7- 9 || total
-------------------------+-------+-------+-------++-------
Melee: Long sword        |    70 |   275 |   186 ||   531
       Tailslap          |     7 |    48 |    55 ||   110
       Great sword       |       |       |   131 ||   131
 Abil: Breathe Noxious F |       |       |     9 ||     9
Evoke: Wand              |       |       |     1 ||     1
  Use: Scroll            |       |     7 |     5 ||    12
       Potion            |       |     2 |     1 ||     3
 Stab: Sleeping          |     2 |       |     3 ||     5
       Invisible         |       |     8 |       ||     8
       Confused          |       |       |     4 ||     4
  Eat: Chunk             |     1 |    23 |    16 ||    40
Armor: Skin              |    15 |    82 |   115 ||   212
Dodge: Dodged            |    42 |   231 |   346 ||   619
       Rpst.: Long sword |    12 |    72 |    43 ||   127
       Great sword       |       |       |    42 ||    42

Table legend:
 A = Non-vault XP
 B = Vault XP
 C = Vault XP percentage of total XP
 D = Non-vault monster count
 E = Vault monster count
 F = Vault count percentage of total count
                 A         B        C        D         E       F
            +---------+---------+-------+---------+---------+-------
      Total |    2935 |    1893 |  39.2 |     146 |      36 |  19.8
            +---------+---------+-------+---------+---------+-------
        D:1 |      35 |       0 |   0.0 |      15 |       0 |   0.0
        D:2 |      98 |      35 |  26.3 |      25 |       1 |   3.8
        D:3 |     114 |       0 |   0.0 |      19 |       0 |   0.0
        D:4 |     356 |     792 |  69.0 |      14 |       8 |  36.4
        D:5 |     963 |       0 |   0.0 |      35 |       0 |   0.0
        D:6 |    1369 |     141 |   9.3 |      38 |       4 |   9.5
        D:7 |       0 |     830 | 100.0 |       0 |       2 | 100.0
    Ossuary |       0 |      95 | 100.0 |       0 |      21 | 100.0
            +---------+---------+-------+---------+---------+-------
